 Dungeon Crawl Stone Soup version 0.29.0-13-gc9e81de378 (webtiles) character file.

Game seed: 12001406727566900807

269 Persephone the Shooter (level 5, -8/45 HPs)
             Began as a Demigod Hunter on Sept 10, 2022.
             Mangled by a gnoll
             ... wielding a +0 halberd
              (15 damage)
             ... on level 4 of the Dungeon.
             The game lasted 00:09:53 (3490 turns).

Persephone the Shooter (Demigod Hunter)             Turns: 3490, Time: 00:09:55

Health: -8/45      AC:  3    Str: 12    XL:     5   Next: 69%
Magic:  7/7        EV: 13    Int: 11    God:
Gold:   171        SH:  0    Dex: 21    Spells: 4/4 levels left

rFire   . . .      SeeInvis .   a - +0 shortbow
rCold   . . .      Faith    .   (shield currently unavailable)
rNeg    . . .      Spirit   .   c - +0 leather armour
rPois   .          Reflect  .   (no helmet)
rElec   .          Harm     .   (no cloak)
rCorr   .          Rampage  .   (no gloves)
Will    .....                   (no boots)
Stlth   ++........              (no amulet)
HPRegen 0.15/turn               (no ring)
MPRegen 0.10/turn               (no ring)

@: no status effects
A: high MP 1, forlorn, divine attributes
a: no special abilities


You were on level 4 of the Dungeon.
You visited 1 branch of the dungeon, and saw 4 of its levels.

You collected 171 gold pieces.

Inventory:

Hand Weapons
 a - a +0 shortbow (weapon)
Armour
 c - a +0 leather armour (worn)
Jewellery
 m - a ring of fire
Wands
 l - a wand of iceblast (11)
Scrolls
 b - 2 scrolls of immolation
 g - a scroll of noise
Potions
 j - a potion of heal wounds {unknown}
 k - 2 potions of brilliance {unknown}
 n - 2 potions of haste {unknown}
 o - a potion of cancellation {unknown}


   Skills:
 + Level 3.2 Fighting
 * Level 5.3 Ranged Weapons
 + Level 3.2 Dodging
 - Level 0.8 Stealth


You had 4 spell levels left.
You didn't know any spells.
Your spell library contained the following spells:

 Spells                   Type           Power      Damage    Failure   Level
 Freeze                   Ice            0%         1d3       41%         1
 Sting                    Tmut/Pois      0%         1d3       41%         1
 Frozen Ramparts          Ice            0%         1d1       80%         3
 Swiftness                Air            0%         N/A       80%         3
 Tukima's Dance           Hex            0%         N/A       80%         3
 Corpse Rot               Necr/Pois/Air  0%         N/A       99%         4
 Fulminant Prism          Conj/Hex       0%         3d6       99%         4
 Hailstorm                Conj/Ice       0%         3d3       99%         4
 Summon Lightning Spire   Summ/Air       0%         N/A       99%         4


Dungeon Overview and Level Annotations

Branches:
Dungeon (4/15)             Temple (0/1) D:4

Annotations:
D:3 2 transporters


Innate Abilities, Weirdness & Mutations

You have an increased reservoir of magic. (+10% MP)
You shall have no god before yourself.
Your divine heritage dramatically boosts your attributes as you level up.


Message History

Fire: a) +0 shortbow
Press: ? - help, Shift-Dir - straight line, f/p - gnoll
Aim: a gnoll, wielding a +0 club (heavily wounded, 69% to hit)
You shoot an arrow.
The arrow hits the gnoll but does no damage.
The gnoll is heavily wounded.
The gnoll closely misses you. The gnoll hits you with a +0 club.
* * * LOW HITPOINT WARNING * * *
Fire: a) +0 shortbow
Press: ? - help, Shift-Dir - straight line, f/p - gnoll
Aim: a gnoll, wielding a +0 club (heavily wounded, 69% to hit)
You shoot an arrow. The arrow barely misses the gnoll.
The gnoll closely misses you. The gnoll barely misses you.
Fire: a) +0 shortbow
Press: ? - help, Shift-Dir - straight line, f/p - gnoll
Aim: a gnoll, wielding a +0 club (heavily wounded, 69% to hit)
You shoot an arrow. The arrow barely misses the gnoll.
The gnoll barely misses you. The gnoll hits you with a +0 club.
* * * LOW HITPOINT WARNING * * *
Fire: a) +0 shortbow
Press: ? - help, Shift-Dir - straight line, f/p - gnoll
Aim: a gnoll, wielding a +0 club (heavily wounded, 69% to hit)
You shoot an arrow. The arrow hits the gnoll.
The gnoll is almost dead.
The gnoll closely misses you. The gnoll hits you with a +0 club.
* * * LOW HITPOINT WARNING * * *
The gnoll barely misses you. The gnoll completely misses you.
Fire: a) +0 shortbow
Press: ? - help, Shift-Dir - straight line, f/p - gnoll
Aim: a gnoll, wielding a +0 club (almost dead, 69% to hit)
You shoot an arrow. The arrow hits the gnoll!
You kill the gnoll!
The gnoll closely misses you.
Fire: a) +0 shortbow
Press: ? - help, Shift-Dir - straight line, f - gnoll
Aim: a gnoll, wielding a +0 halberd (69% to hit)
You shoot an arrow. The arrow hits the gnoll.
The gnoll is heavily wounded.
The gnoll hits you from afar with a +0 halberd!
You die...

### ### #######.#
#.## ###......@#*
##.# ###...#..###)#
#.###....##.##**g#
##......####.# *,.#
#......####..##*,.#
..###.........#*,.#
### ###........,,.#
# #........,,.#*
#........,,,,*


You could see a gnoll.

Vanquished Creatures
  A scorpion (D:4)
  3 gnolls (D:4)
  9 adders
  4 dart slugs
  7 ball pythons
  6 endoplasms
  2 giant cockroaches (D:1)
  8 goblins
  7 hobgoblins
  11 jackals
  6 kobolds
  4 quokkas
  7 bats
  3 frilled lizards
  9 rats
87 creatures vanquished.

Notes
Turn   | Place    | Note
-------+----------+-------------------------------------------
     0 | D:1      | Persephone the Demigod Hunter began the quest for the Orb.
     0 | D:1      | Reached XP level 1. HP: 17/17 MP: 3/3
   217 | D:1      | Got Sif Muna's Handbook of Boreal Malediction
   357 | D:1      | Reached XP level 2. HP: 21/24 MP: 4/4
   429 | D:1      | Reached skill level 4 in Ranged Weapons
   902 | D:2      | Reached XP level 3. HP: 29/29 MP: 5/5
  1765 | D:3      | Reached XP level 4. HP: 32/37 MP: 6/6
  1960 | D:3      | Got the Monograph on Air and Filth
  2255 | D:3      | Found a transporter.
  2258 | D:3      | Noticed a kobold demonologist
  2278 | D:3      | Found a transporter.
  2821 | D:4      | Reached XP level 5. HP: 16/44 MP: 7/7
  2996 | D:4      | Reached skill level 5 in Ranged Weapons
  3490 | D:4      | Mangled by a gnoll

Illustrated notes

Levels and vault maps discovered:
D:1:      nagdon_arrival_zigzag_paths, layout_basic,
          shapermc_ecumenical_altar_totnotflames, minmay_misc_feat_roman
D:2:      layout_rooms, basic_altar, minmay_hexomino_p4
D:3:      gammafunk_wand_slinger, layout_basic
D:4:      layout_layer_cave, minmay_temple_entry_stoned_glass

Skill      XL: |  1  2  3  4  5 |
---------------+----------------+-----
Fighting       | 2 3 |  3.2
Dodging        | 2 3 |  3.2
Ranged Weapons | 4 5 |  5.3
Stealth        | |  0.8

Action                   |  1- 3 |  4- 6 || total
-------------------------+-------+-------++-------
Melee: Shortbow          |       |     1 ||     1
 Fire: Shortbow          |   134 |   130 ||   264
  Use: Scroll            |       |     6 ||     6
       Potion            |       |     1 ||     1
Armor: Leather armour    |    27 |    11 ||    38
Dodge: Dodged            |    48 |    54 ||   102
